Cogmind - Beta 14 @@@ ROGUE MODE // 2024.10.03 @ 12:56:39 Player: Kinga Result: Destroyed by G-34 Mercenary with Small Laser Performance ------------- Evolutions (1) 500 Regions Visited (4) 800 Robots Destroyed (68) 340 Value Destroyed (2504) 2504 Prototype IDs (4) 80 Alien Tech Used (0) 0 Bonus (467) 467 TOTAL SCORE: 4691 Bonus ------- High Alert Combat Kills 68 Follower Combat Kills 199 Entered Garrisons 200 Cogmind --------- Core Integrity 0/400 Matter 251/300 Energy 280/280 System Corruption 0% Temperature Cool (6) Movement Treading (320) Ox2 Location -9/Garrison Parts ------- > --- POWER (1) -------- Heavy Ion Engine > --- PROPULSION (2) --- Light Treads Light Treads > --- UTILITY (4) ------ Heat Sink Huge Storage Unit Transport Network Coupler Light Armor Plating > --- WEAPON (2) ------- Heavy Assault Rifle Heavy Assault Rifle > --- INVENTORY (25) --- Heavy Ion Engine Light Nuclear Core Light Treads Wheel Wheel Wheel Wheel Heat Sink High-capacity Storage Unit High-capacity Matter Pod (200) Signal Interpreter Relay Coupler [NC] (22) Relay Coupler [Swarmer] (38) Relay Coupler [Sentry] (23) Relay Coupler [Demolisher] (18) Relay Coupler [Specialist] (22) Relay Coupler [Specialist] (22) Relay Coupler [Hunter] (13) Relay Coupler [Hunter] (16) Medium Laser Improved Medium Laser Assault Rifle Light Cannon Grenade Launcher Hammer Peak State ------------ > --- POWER ------------ Heavy Ion Engine > --- PROPULSION ------- Light Treads Light Treads > --- UTILITY ---------- Improved Heat Sink Huge Storage Unit Transport Network Coupler Medium Armor Plating > --- WEAPON ----------- Improved Assault Rifle Improved Assault Rifle > --- INVENTORY -------- Heavy Ion Engine Heavy Ion Engine Light Nuclear Core Light Treads Wheel Wheel High-capacity Storage Unit High-capacity Matter Pod Visual Processing Unit Signal Interpreter Light Armor Plating Medium Armor Plating Medium Armor Plating Medium Armor Plating Medium Armor Plating Medium Laser Medium Laser Beam Rifle Particle Gun Assault Rifle Improved Assault Rifle Improved Assault Rifle Light Cannon Grenade Launcher Hammer [Rating: 22] Favorites ----------- Power Heavy Ion Engine Engine Heavy Ion Engine Propulsion Light Treads Treads Light Treads Utility Transport Network Coupler Device Heat Sink Storage Huge Storage Unit Processor Transport Network Coupler Protection Medium Armor Plating Weapon Assault Rifle Ballistic Gun Assault Rifle Ballistic Cannon Light Cannon Launcher Grenade Launcher Build | -11 -10 -9 -9 -9 ------- Run | Yrd Mat Mat Sto Gar Slots Evolved 2 | . . 2 . . Power . | . . . . . Propulsion . | . . . . . Utility 2 | . . 2 . . Weapon . | . . . . . Parts Attached 48 | 6 4 8 15 15 Power 4 | 1 1 . 1 1 Engine 4 | 1 1 . 1 1 Core . | . . . . . Reactor . | . . . . . Propulsion 8 | 2 . 1 3 2 Treads 8 | 2 . 1 3 2 Leg . | . . . . . Wheel . | . . . . . Hover . | . . . . . Flight . | . . . . . Utility 21 | 1 3 5 5 7 Device 4 | . 1 1 . 2 Storage 3 | 1 1 1 . . Processor 3 | . 1 1 1 . Hackware . | . . . . . Protection 11 | . . 2 4 5 Artifact . | . . . . . Weapon 15 | 2 . 2 6 5 Energy Gun . | . . . . . Energy Cannon . | . . . . . Ballistic Gun 11 | 2 . 2 3 4 Ballistic Cannon 2 | . . . 1 1 Launcher 2 | . . . 2 . Special Weapon . | . . . . . Impact Weapon . | . . . . . Slashing Weapon . | . . . . . Piercing Weapon . | . . . . . Special Melee Weapon . | . . . . . Unidentified Prototypes 2 | . . 1 1 . Parts Lost 19 | . 1 . 7 11 Power 2 | . 1 . . 1 Propulsion 4 | . . . 2 2 Utility 9 | . . . 4 5 Weapon 4 | . . . 1 3 Highest Loss Streak 8 | . 1 . 5 8 To Critical Strikes . | . . . . . Average Slot Usage (%) 98 | . 98 100 99 98 Engine 11 | . 13 11 11 10 Treads 23 | . 28 22 21 21 Device 6 | . 2 11 2 9 Storage 11 | . 14 11 11 11 Processor 11 | . 10 11 16 11 Protection 9 | . . 11 13 11 Ballistic Gun 23 | . 28 22 21 21 Peak Build Rating 22 | 6 8 19 22 20 Average Rating 15 | 4 7 15 20 17 On Entrance 10 | . 6 8 19 20 Naked Turns . | . . . . . Heaviest Build 108 | 12 47 97 108 108 Greatest Support 40 | 40 40 40 40 40 Greatest Overweight (x) 5 | . 1 2 2 5 Average Overweight (x) 1 | . . 1 2 2 Largest Inventory Capacity 25 | 8 20 25 25 25 Average Capacity 20 | 7 11 21 25 25 Most Carried 25 | 4 11 22 25 25 Average Carried 18 | 2 7 15 24 23 Final Capacity 25 | 8 20 25 25 25 Final Carried 25 | 4 11 22 22 25 Class Distribution -------------------- 68% | Mutant 31% | Scavenger-Mutant Dominant Class ---------------- Mutant | -10/Materials Mutant | -9/Materials Mutant | -9/Storage Scavenger-Mutant | -9/Garrison Resources | -11 -10 -9 -9 -9 ----------- Run | Yrd Mat Mat Sto Gar Matter Collected 2177 | 190 387 323 699 578 Remotely . | . . . . . Salvage Created 2855 | . 766 414 860 815 Parts 151 | . 36 28 47 40 Haulers Intercepted 8 | . 2 4 2 . Recyclers Shooed 2 | . 2 . . . Parts Field Recycled . | . . . . . Retrieved Matter . | . . . . . Parts Self-Destructed . | . . . . . Prevented . | . . . . . Kills | -11 -10 -9 -9 -9 ------- Run | Yrd Mat Mat Sto Gar Combat Hostiles Destroyed 51 | . 8 4 19 20 Guns 51 | . 8 4 19 20 Classes Destroyed 6 | . 4 1 1 . Hauler 8 | . 2 4 2 . Recycler 4 | . 3 . 1 . Watcher 5 | . 3 2 . . Swarmer 6 | . . . 3 3 Grunt 36 | . 8 3 13 12 Sentry 9 | . . 1 3 5 Best Kill Streak 6 | . 3 3 6 6 Combat Bots Only 6 | . 2 3 6 6 Max Kills in Single Turn 2 | . 1 1 1 2 Gunslinging 1 | . . . . 1 Exploded . | . . . . . Melee . | . . . . . Uniques/NPCs Destroyed . | . . . . . Combat | -11 -10 -9 -9 -9 -------- Run | Yrd Mat Mat Sto Gar Hostile Shots Fired 368 | . 42 16 156 154 Missed 102 | . 9 6 56 31 Damage Taken 3294 | . 383 116 1228 1567 Core 500 | . 95 20 158 227 Absorbed by Shields . | . . . . . Core Remaining (%) 81 | 100 62 . . . Volleys Fired 242 | . 47 34 87 74 Largest 2 | . 2 2 2 2 Hottest 46 | . 40 46 46 46 Shots Fired 476 | . 94 68 169 145 Gun 469 | . 94 68 164 143 Cannon 5 | . . . 3 2 Launcher 2 | . . . 2 . Special . | . . . . . Kinetic 474 | . 94 68 167 145 Thermal . | . . . . . Explosive 2 | . . . 2 . Electromagnetic . | . . . . . Robot Hit Streak 32 | . 8 11 22 32 Robot Miss Streak 5 | . 3 5 4 3 Penetration Max . | . . . . . Secondary Targets 7 | . 1 . 3 3 Max Gunslinging Chain 1 | . 1 . 1 1 Shots Hit Robots 343 | . 65 46 127 105 Core Hits 117 | . 29 18 38 32 Critical Kills 1 | . . 1 . . Critical Parts Destroyed 1 | . . . 1 . Critical Strikes 2 | . . 1 1 . Destroy 2 | . . 1 1 . Melee Attacks . | . . . . . Impact . | . . . . . Slashing . | . . . . . Piercing . | . . . . . Sneak Attacks . | . . . . . Combat Hostiles . | . . . . . Follow-up Attacks . | . . . . . Damage Inflicted 5060 | . 835 670 2024 1531 Guns 5045 | . 832 670 2012 1531 Cannons . | . . . . . Explosions 8 | . . . 8 . Melee . | . . . . . Ramming 7 | . 3 . 4 . Kinetic 5045 | . 832 670 2012 1531 Thermal . | . . . . . Explosive 8 | . . . 8 . Electromagnetic . | . . . . . Impact . | . . . . . Slashing . | . . . . . Piercing . | . . . . . Highest Corruption . | . . . . . Average Corruption . | . . . . . Corruption Purged . | . . . . . Corruption Blocked . | . . . . . Overload Shots . | . . . . . Overflow Damage . | . . . . . Projectiles . | . . . . . Explosions . | . . . . . Melee . | . . . . . Knockbacks . | . . . . . Impact . | . . . . . Kinetic . | . . . . . Secondary . | . . . . . Self-Inflicted Damage 32 | . . . 32 . Shots 1 | . . . 1 . Rammed 4 | . 1 1 2 . Targets Rammed 4 | . 1 1 2 . Kicked . | . . . . . Crushed . | . . . . . Highest Temperature 83 | . 8 . 18 83 Average Temperature 20 | . 4 . 4 39 Received Heat Transfer 1380 | . 213 57 462 648 Siege Activations . | . . . . . Robots Corrupted . | . . . . . Combat Hostiles . | . . . . . Parts Fried . | . . . . . Impact Corruptions . | . . . . . Robots Melted . | . . . . . Combat Hostiles . | . . . . . Parts Melted . | . . . . . Heat Transferred . | . . . . . Parts Sabotaged . | . . . . . Parts Stolen . | . . . . . Parts Stripped . | . . . . . Power Chain Reactions . | . . . . . Alert | -11 -10 -9 -9 -9 ------- Run | Yrd Mat Mat Sto Gar Peak Influence 938 | . 222 150 289 938 Initial 187 | . . 18 20 187 Average 279 | . 60 43 102 635 Maximum Alert Level 3 | . 1 . 1 3 Low Security (%) 61 | 100 98 100 86 4 Level 1 6 | . 1 . 13 9 Level 2 15 | . . . . 42 Level 3 16 | . . . . 44 Level 4 . | . . . . . Level 5 . | . . . . . High Security . | . . . . . Max Security . | . . . . . Squads Dispatched 7 | . 1 1 5 . Investigation 1 | . 1 . . . Extermination . | . . . . . Reinforcement 3 | . . 1 2 . Assault . | . . . . . Garrison 3 | . . . 3 . Intercept . | . . . . . Searches Triggered . | . . . . . Construction Impeded 1 | . . . 1 . Haulers Reinforced . | . . . . . Active Scanning Responses . | . . . . . Cargo Convoy Interrupts . | . . . . . Stealth | -11 -10 -9 -9 -9 --------- Run | Yrd Mat Mat Sto Gar Distress Signals 2 | . . . 1 1 Communications Jammed . | . . . . . Distress Signals . | . . . . . Times Spotted 77 | . 11 12 23 31 Peak Tracking Total 7 | . 3 4 6 7 Tactical Retreats 3 | . . . . 3 Traps | -11 -10 -9 -9 -9 ------- Run | Yrd Mat Mat Sto Gar Traps Triggered 8 | . . . . 8 Indirectly . | . . . . . Trap Hack Attempts . | . . . . . Triggered . | . . . . . Disarmed . | . . . . . Reprogrammed . | . . . . . Reused . | . . . . . Traps Extracted . | . . . . . Installed . | . . . . . Triggered . | . . . . . Machines | -11 -10 -9 -9 -9 ---------- Run | Yrd Mat Mat Sto Gar Machines Disabled 6 | . . . 3 3 Max in Single Turn 1 | . . . 1 1 Garrison Relay 3 | . . . . 3 Machines Repaired . | . . . . . Machines Dismantled . | . . . . . Machines Sabotaged . | . . . . . Overloaded Fab Kills . | . . . . . Hacking | -11 -10 -9 -9 -9 --------- Run | Yrd Mat Mat Sto Gar Machines Accessed 12 | . 4 1 5 2 Terminals 11 | . 4 1 4 2 Fabricators . | . . . . . Repair Stations . | . . . . . Recycling Units . | . . . . . Scanalyzers . | . . . . . Garrison Access 1 | . . . 1 . Total Hacks 25 | . 13 1 9 2 Successful 14 | . 6 1 5 2 Failed 11 | . 7 . 4 . Catastrophic . | . . . . . Database Lockouts . | . . . . . Manual . | . . . . . Terminals 23 | . 13 1 7 2 Fabricators . | . . . . . Repair Stations . | . . . . . Recycling Units . | . . . . . Scanalyzers . | . . . . . Garrison Access 2 | . . . 2 . Terminal Hacks 13 | . 6 1 4 2 Robot Analysis 1 | . 1 . . . Prototype ID Bank 1 | . 1 . . . Open Door 2 | . . . 2 . Branch Access Points 1 | . 1 . . . Emergency Access Points 1 | . . . . 1 Transport Status 1 | . 1 . . . Hauler Manifests 2 | . 1 1 . . Registered Components 1 | . . . 1 . Zone Layout 2 | . 1 . 1 . Security Stations 1 | . . . . 1 Fabricator Hacks . | . . . . . Repair Station Hacks . | . . . . . Recycling Unit Hacks . | . . . . . Scanalyzer . | . . . . . Garrison Access Hacks 1 | . . . 1 . Unlock Access 1 | . . . 1 . Unauthorized Hacks . | . . . . . Terminals . | . . . . . Fabricators . | . . . . . Repair Stations . | . . . . . Recycling Units . | . . . . . Scanalyzers . | . . . . . Garrison Access . | . . . . . Data Cores Recovered . | . . . . . Used . | . . . . . Hacking Detections 7 | . 2 . 4 1 Full Trace Events 1 | . 1 . . . Feedback Events . | . . . . . Feedback Blocked . | . . . . . Robot Schematics Acquired . | . . . . . Robots Built . | . . . . . Authchips . | . . . . . Time . | . . . . . Total Robot Build Rating . | . . . . . Part Schematics Acquired . | . . . . . Parts Built . | . . . . . Authchips . | . . . . . Time . | . . . . . Total Part Build Rating . | . . . . . Parts Repaired . | . . . . . Time . | . . . . . Parts Recycled . | . . . . . Recycled Matter . | . . . . . Retrieved Matter . | . . . . . Retrieved Components . | . . . . . Parts Scanalyzed . | . . . . . Part Schematics Acquired . | . . . . . Parts Damaged . | . . . . . Bothacking | -11 -10 -9 -9 -9 ------------ Run | Yrd Mat Mat Sto Gar Used RIF Installer . | . . . . . Robots Hacked . | . . . . . Non-combat . | . . . . . Combat . | . . . . . Robot Hacks Applied . | . . . . . Relay Couplers Released 14 | . . . . 14 Machine Destruction 14 | . . . . 14 Fabnet Peak Effective % . | . . . . . Robots Rewired 4 | . . . . 4 Allies Hacked . | . . . . . Hacks Repelled . | . . . . . Allies | -11 -10 -9 -9 -9 -------- Run | Yrd Mat Mat Sto Gar Total Allies 4 | . . . . 4 Largest Group 3 | . . . . 3 Highest-Rated Group 24 | . . . . 24 Highest-Rated Ally 8 | . . . . 8 Total Orders . | . . . . . Ally Attacks 50 | . . . . 50 Total Damage 421 | . . . . 421 Kills 8 | . . . . 8 Allies Corrupted . | . . . . . Allies Melted . | . . . . . Intel | -11 -10 -9 -9 -9 ------- Run | Yrd Mat Mat Sto Gar Robot Analysis Total 1 | . 1 . . . Derelict Logs Recovered . | . . . . . Drone Launches . | . . . . . Drone Recoveries . | . . . . . Exploration | -11 -10 -9 -9 -9 ------------- Run | Yrd Mat Mat Sto Gar Turns Passed 4606 | 80 1107 742 969 1708 Spaces Moved 1450 | 44 539 230 210 427 Core 2 | 2 . . . . Treads 1448 | 42 539 230 210 427 Legs . | . . . . . Wheels . | . . . . . Hover . | . . . . . Flight . | . . . . . Fastest Speed 50 | 50 160 240 320 320 Average Speed 254 | 155 175 269 320 325 Slowest Speed 560 | 160 240 320 320 560 Overloaded Moves . | . . . . . Propulsion Burnouts . | . . . . . Robots Hopped . | . . . . . Cave-ins Triggered . | . . . . . Exploration Rate (%) 41 | 5 80 17 46 61 Regions Visited 4 Branch Regions 1 Pre-discovered Areas . | . . . . . Known Exits Taken 1 | . . . 1 . Unknown Exits Taken 3 | 1 1 1 . . Scrap Searched . | . . . . . Spaces Dug . | . . . . . Terrain Destroyed 11 | . . . 11 . Melee . | . . . . . Projectile . | . . . . . AOE 11 | . . . 11 . Terrain Rammed . | . . . . . Walls Destroyed . | . . . . . Machines Disabled . | . . . . . Actions | -11 -10 -9 -9 -9 --------- Run | Yrd Mat Mat Sto Gar Total 1881 | 53 604 281 340 603 Wait 29 | . 3 . 9 17 Move 1446 | 43 538 229 209 427 Hop . | . . . . . Pick Up 47 | 4 9 9 11 14 Fast Attach 13 | 6 1 . 1 5 Attach 17 | . 1 2 7 7 Detach 1 | . . . 1 . Swap 18 | . 2 6 7 3 Drop 13 | . 2 . 6 5 Fire 242 | . 47 34 87 74 Melee . | . . . . . Ram . | . . . . . Kick . | . . . . . Crush 4 | . 1 1 2 . Escape Stasis 14 | . . . . 14 Rewire 37 | . . . . 37 Trap . | . . . . . Miscellaneous . | . . . . . Route ------- -11/Scrapyard -10/Materials (discovered 4 exits: *Mat x3 / *Min) -9/Materials -9/Storage (discovered 2 exits: [Rec] / Gar) -9/Garrison (discovered 1 exit: [*Rec]) History --------- Turn | Location | Event 25 | -11/Scrapyard | Discovered new exit (range 16) 81 | -11/Scrapyard | Entered Materials 315 | -10/Materials | Build established: Mutant 335 | -10/Materials | Identified exit to Mines 438 | -10/Materials | Discovered new exit (range 9) 546 | -10/Materials | Discovered new exit (range 15) 978 | -10/Materials | Discovered new exit (range 8) 1188 | -10/Materials | Entered another Materials area 1188 | -9/Materials | Evolved 2 slots: Utility x2 1754 | -9/Materials | Discovered new exit (range 5) 1930 | -9/Materials | Entered Storage 2598 | -9/Storage | Discovered new exit (range 19) 2662 | -9/Storage | Garrison activated, responded to threat 2821 | -9/Storage | Lost 5 parts (2n2u1w) 2896 | -9/Storage | Identified exit to Garrison 2899 | -9/Storage | Entered Garrison 2973 | -9/Garrison | Triggered checkpoint 3019 | -9/Garrison | Core integrity fell below 50% 3108 | -9/Garrison | Core integrity fell below 20% 3141 | -9/Garrison | Lost 8 parts (1p2n3u2w) 3238 | -9/Garrison | Garrison Relay disabled 3467 | -9/Garrison | Build established: Scavenger-Mutant 3665 | -9/Garrison | Triggered checkpoint 3677 | -9/Garrison | Triggered checkpoint 3827 | -9/Garrison | Triggered checkpoint 3884 | -9/Garrison | Garrison Relay disabled 4055 | -9/Garrison | Learned Recycling security intel 4067 | -9/Garrison | Discovered new exit (range 12) 4458 | -9/Garrison | Garrison Relay disabled 4525 | -9/Garrison | Triggered checkpoint 4571 | -9/Garrison | Triggered checkpoint 4607 | -9/Garrison | Destroyed by G-34 Mercenary with Small Laser Last Messages --------------- 04266_ Connecting with Garrison Terminal... >>Access(Emergency) Found 41 emergency access points. Map updated. 04442_ Triggered Alarm Trap. 04442_ An alarm sounds. 04458_ Garrison Relay disabled. 04458_ Relay Coupler [Demolisher] tumbles out of relay unit. 04458_ Relay Coupler [NC] tumbles out of relay unit. 04458_ Relay Coupler [Demolisher] tumbles out of relay unit. 04458_ Relay Coupler [NC] tumbles out of relay unit. 04458_ Relay Coupler [Swarmer] tumbles out of relay unit. 04470_ Dropped Heat Sink. 04471_ Acquired Relay Coupler [Swarmer]. 04525_ Beams of light sweep through the air. An alarm sounds. 04580_ Mercenary 2c destroyed. 04585_ Mercenary 2d destroyed. 04586_ Acquired 39 matter. 04586_ G-34 Mercenary heat damages Heat Sink. 04588_ G-34 Mercenary destroyed. Map ----- +----------------------------------------------------+ | | | | | | | | | | | | | | | | | ?????????????????????????????????????????????????? | | ?????????????????????????????????????????????????? | | ?????????????????????????????????????????????????? | | ?????????????????????????????????????????????????? | | ?????????????????????????????????????????????????? | | ?????????????????????????????????????????????????? | | ??????????????????????????????????????#####??????? | | ??????????????????????????????????????#"""#??????? | | ??????????????????????????????????????# "#??????? | | ??????????????????????????????????##### !"#??????? | | ??????????????????????????????????+ !!"#??????? | | ??????????????????????????????????# ###! !#??????? | | ??????????????????????????????????# #?#"""#??????? | | ??????????????????????????????????# #?#####??????? | | ????????????+???????+?????##+##???# #????????????? | | ??????????????????# ??????# #???# #????????????? | | ???????????????#### g##### ##### #????????????? | | ?????????+ %=g%=@*[ #????????????? | | ???????????????#################### #????????????? | | ??????????????????????????????????# #????????????? | | ??????????????????????????????????# #????????????? | | ??????????????????????????????????# #????????????? | | ???????????????????????###????????# #????????????? | | ??????????????????????## ????????# #????????????? | | ??????????????????????# ##??????# #????????????? | | ??????????????????????# #??????# #????????????? | | ??????????????????????# #??????# #????????????? | | ??????????????????????#### #??????# #????????????? | | ????????????????########## ######## ##########???? | | ???????????? ^ #???? | | ???????????? ^ #???? | | ???????????? ^ #???? | | ?????????????######++++############ ###### #???? | | ??????????????????????????????????# #????# #???? | | ??????????????????????????????????# #????# #???? | | ??????????????????????????????????# ###### #???? | | ??????????????????????????????????# #???? | | ??????????????????????????????????#+###### #???? | | ?????????????????????????????????????????# #???? | | ????????????????????????????????????????## #???? | | ????????????????????????????????????????#T #???? | | ????????????????????????????????????????## #???? | +----------------------------------------------------+ Best States ------------- Heat Dissipation 42 Energy Generation 14 Energy Capacity 280 Matter Stores 300 Matter Capacity 300 Sight Range 16 Terrain Scan Density 10 Armor Coverage 450 Evasion (%) 40 Targeting Accuracy 6 Recoil Reduction 2 Item Schematics ----------------- None Robot Schematics ------------------ None Fabricated ------------ Nothing Alien Tech Used ----------------- None Achievements -------------- None Challenges ------------ None Game ------ Seed BiometalMinesnifferKatana Manual? 0 Play Time 00:20:31 Cumulative 104.9 hours Start 2024.10.03 @ 12:38:00 End 2024.10.03 @ 12:56:39 Sessions 1 Manual Loads 0 Difficulty Rogue Special Mode None Game No. 124 Rogue 120 Adventurer 0 Explorer 4 Win Type - Total 6 Types 4/0/0/2/0/0/0/0/0 Lore% 45 Gallery% 65 Achievement% 57 Wizard Run 0 Options --------- Layout 0 ASCII 0 Keyboard 0 Movement Numpad Keybinds 0 Fullscreen 2 Font 18/SmallcapsGlow Map View 76x50 Zoom Use 0% Tactical HUD 1 Map Filters NONE Filters NONE Steam 1 RUN: 28b8f0de-d5ad-4c27-b350-7e8954885a51